 Dungeon Crawl Stone Soup version 0.25-a0-549-g6e6e6501ad (webtiles) character file.

Game seed: 3592586957605545802, levelgen mode: deterministic

2336 sanka the Jinx (level 9, 0/44 HPs)
             Began as a Spriggan Enchanter on Feb 23, 2020.
             Was a Believer of Wu Jian.
             Slain by a wight
             ... wielding a cursed +3 halberd
              (2 damage)
             ... on level 6 of the Dungeon.
             The game lasted 00:21:07 (7439 turns).

sanka the Jinx (Spriggan Enchanter)                 Turns: 7439, Time: 00:21:08

Health: 0/44       AC:  3    Str:  4    XL:     9   Next: 19%
Magic:  18/20      EV: 21    Int: 20    God:    Wu Jian [**....]
Gold:   304        SH:  0    Dex: 16    Spells: 13/22 levels left

rFire    . . .     SeeInvis +   a - +0 dagger (venom)
rCold    . . .     Gourm    .   (shield restricted)
rNeg     + . .     Faith    +   b - +0 robe
rPois    .         Spirit   .   (helmet restricted)
rElec    .         Reflect  .   z - +0 cloak (curse)
rCorr    .         Harm     .   (gloves unavailable)
MR       +....                  (boots unavailable)
Stlth    ++++......             p - amulet of faith
HPRegen  0.14/turn              e - ring of positive energy
MPRegen  0.17/turn              (no ring)

@: drained, very quick
A: very small, unfitting armour, see invisible, herbivore, speed 3, slow
metabolism 2
a: Wall Jump, Renounce Religion


You were on level 6 of the Dungeon.
You worshipped Wu Jian.
Wu Jian was pleased with you.
You were very hungry.

You visited 2 branches of the dungeon, and saw 7 of its levels.
You also visited: Sewer.

You collected 403 gold pieces.
You spent 99 gold pieces at shops.


Innate Abilities, Weirdness & Mutations

You are very small and have problems with some larger weapons.
You are too small for most types of armour.
You have supernaturally acute eyesight. (SInv)
You are a herbivore.
You cover ground extremely quickly.
You need to consume almost no food.


   Skills:
 - Level 3.0(2.3) Fighting
 - Level 5.0(4.3) Short Blades
 + Level 6.8(6.1) Dodging
 - Level 8.0(7.2) Stealth
 - Level 7.0(6.3) Spellcasting
 + Level 9.1(8.4) Hexes


You had 13 spell levels left.
You knew the following spells:

 Your Spells              Type           Power        Failure   Level  Hunger
x - Tukima's Dance        Hex            #####...     1%          3    ##.....
z - Ensorcelled Hibernat  Hex/Ice        ###...       2%          2    None
X - Confusing Touch       Hex            #####...     1%          3    ##.....
Z - Corona                Hex            #####..      1%          1    None

Your spell library contained the following spells:

 Spells                   Type           Power        Failure   Level  Hunger
 Dazzling Flash           Conj/Hex       ###...       5%          3    ##.....

Inventory:

Hand Weapons
 a - a +0 dagger of venom (weapon)
 j - a +1 dagger
 o - a +0 morningstar
 q - a +1 dagger of chaos
Missiles
 u - 2 throwing nets {=f}
Armour
 b - a +0 robe (worn)
 z - a cursed +0 cloak (worn)
Jewellery
 e - a ring of positive energy (left hand)
 p - an amulet of faith (around neck)
Wands
 m - a wand of polymorph (9)
 D - a wand of flame (12)
Scrolls
 c - 3 scrolls of blinking {unknown}
 g - 2 scrolls of remove curse {unknown}
 h - 8 scrolls of identify {unknown}
 i - 2 scrolls of fog {unknown}
 k - 5 scrolls of enchant armour {unknown}
 n - a scroll of fear {unknown}
 r - 2 scrolls of magic mapping {unknown}
 s - 3 scrolls of immolation {unknown}
 y - a scroll of enchant weapon {unknown}
 A - a scroll of silence {unknown}
Potions
 f - 2 potions of flight {unknown}
 l - 2 potions of resistance {unknown}
 v - a potion of might {unknown}
 w - 2 potions of haste {unknown}
 x - 2 potions of heal wounds {@q2}
 B - a potion of curing {unknown}
 C - 4 potions of degeneration {unknown}
Miscellaneous
 t - a sack of spiders
Comestibles
 d - 10 rations

Dungeon Overview and Level Annotations

Branches:
Dungeon (6/15)             Temple (1/1) D:5           Sewer (visited)

Altars:
Ashenzari
Cheibriados
Dithmenos
Fedhas
Gozag
Hepliaklqana
Kikubaaqudgha
Makhleb
Nemelex Xobeh
Qazlal
Ru
Sif Muna
Uskayaw
Wu Jian
Xom
Yredelemnul
Zin
The Shining One

Shops:
D:4

[ ▒......▒...▒ ▒▒▒▒▒...........
▒▒▒▒▒ ▒▒...▒▒▒.........
▒...▒▒▒▒▒......▒.........
▒▒....▒▒........▒........▒
▒▒......▒.....▒..........▒▒
▒...▒▒▒▒........▒........▒▒
▒▒.......zz▒....▒........▒.
▒▒......z.i..........▒.....
▒......▒▒▒▒.......▒▒...▒...
▒▒.....▒▒..▒................ ▒▒
▒.....▒▒▒.......▒▒..........
▒..▒▒▒▒....▒▒........▒..........
...>.▒▒z.[.▒........▒▒.▒........
▒▒.................▒▒▒..▒▒......
▒........▒▒.......▒▒▒...........
▒▒...................▒.........▒▒


You could see 3 wights.


Message History

You hit the wight but do no damage.
The wight hits you with a +2 long sword.
You partially resist.
You feel drained.
You hit the wight but do no damage.
The wight appears confused.
The wight barely misses you.
You hit the wight but do no damage. You hit the wight but do no damage.
The wight misses you. The wight hits you with a +1 flail.
You hit the wight but do no damage.
The wight hits you from afar with a cursed +3 halberd.
You partially resist.
You feel drained.
You hit the wight but do no damage. The wight misses you.
The wight hits you from afar with a cursed +3 halberd!
* * * LOW HITPOINT WARNING * * *
You partially resist.
You feel drained.
You barely miss the wight. The wight completely misses you.
You hit the wight but do no damage. The wight misses you.
The wight hits you from afar with a cursed +3 halberd!
* * * LOW HITPOINT WARNING * * *
You partially resist.
You feel drained.
You die...

Action                   |  1- 3 |  4- 6 |  7- 9 || total
-------------------------+-------+-------+-------++-------
Melee: Dagger            |    76 |   138 |   172 ||   386
 Cast: Corona            |     1 |       |       ||     1
       Ensorcelled Hiber |    12 |    35 |    59 ||   106
       Confusing Touch   |       |       |    13 ||    13
       Tukima's Dance    |       |       |     4 ||     4
Invok: Lunge             |       |     1 |    12 ||    13
       Whirlwind         |       |       |     9 ||     9
 Stab: Sleeping          |    21 |    37 |    41 ||    99
       Distracted        |     1 |     2 |     2 ||     5
       Confused          |       |       |    12 ||    12
  Eat: Ration            |       |     2 |     1 ||     3
Armor: Robe              |     6 |     8 |    15 ||    29
Dodge: Dodged            |    51 |    66 |   140 ||   257

Levels and vault maps discovered:
D:1:      tarquinn_simple_flora_water_c, layout_basic, chequers_jeans
D:2:      layout_loops_corners, hangedman_ru_absence,
          chequers_ecumenical_altar_island, grunt_qazlal_sundering, uniq_sigmund
D:3:      layout_loops_cross, grunt_temple_overflow_champion_of_chaos,
          zin_statuary, cheibrodos_sewer_entry_bend
D:4:      layout_cave_pools, lemuel_round_altar, serial_shops,
          kennysheep_mini_moat, xom_teletrap_fun
D:5:      layout_rooms, nicolae_gozag_seed_capital, temple_statues, first_ration
D:6:      layout_cave_pools, minmay_tree_intersection, uniq_blork_the_orc,
          uniq_grinder, uniq_maggie
Temple:   minmay_temple_bridge_abc

Notes
Turn   | Place    | Note
-------+----------+-------------------------------------------
     0 | D:1      | sanka the Spriggan Enchanter began the quest for the Orb.
     0 | D:1      | Reached XP level 1. HP: 9/9 MP: 5/5
   244 | D:1      | Reached skill level 5 in Stealth
   244 | D:1      | Reached XP level 2. HP: 13/13 MP: 6/6
   384 | D:1      | Learned a level 2 spell: Ensorcelled Hibernation
   588 | D:1      | Reached skill level 2 in Short Blades
  1232 | D:2      | Found a sacrificial altar of Ru.
  1266 | D:2      | Found a stormy altar of Qazlal.
  1585 | D:2      | Found a faded altar of an unknown god.
  1590 | D:2      | Reached XP level 3. HP: 16/16 MP: 8/8
  1595 | D:2      | Learned a level 3 spell: Confusing Touch
  1747 | D:2      | Noticed Sigmund
  1751 | D:2      | Killed Sigmund
  1751 | D:2      | Reached skill level 4 in Short Blades
  1751 | D:2      | Reached skill level 7 in Stealth
  1751 | D:2      | Reached XP level 4. HP: 21/21 MP: 6/9
  1751 | D:2      | Reached XP level 5. HP: 24/24 MP: 6/10
  1756 | D:2      | Learned a level 3 spell: Tukima's Dance
  2241 | D:3      | Found a shimmering altar of Xom.
  2242 | D:3      | Found a burning altar of Makhleb.
  2327 | D:3      | Found a glowing drain.
  2345 | D:3      | Reached skill level 8 in Stealth
  2486 | Sewer    | Entered a sewer
  2526 | Sewer    | Reached XP level 6. HP: 25/28 MP: 2/11
  3367 | D:3      | Reached skill level 3 in Spellcasting
  3502 | D:3      | Found a glowing silver altar of Zin.
  3948 | D:4      | Reached skill level 4 in Hexes
  4141 | D:4      | Found a shimmering altar of Xom.
  4154 | D:4      | Reached skill level 5 in Short Blades
  4317 | D:4      | Found a shattered altar of Ashenzari.
  4503 | D:4      | Found Sughaag's Antique Armour Shoppe.
  4506 | D:4      | Bought a cloak for 99 gold pieces
  4532 | D:5      | Entered Level 5 of the Dungeon
  4550 | D:5      | Reached skill level 4 in Spellcasting
  4637 | D:5      | Found a staircase to the Ecumenical Temple.
  4645 | Temple   | Entered the Ecumenical Temple
  4863 | Temple   | Became a worshipper of the Wu Jian Council
  4915 | D:5      | Reached XP level 7. HP: 31/32 MP: 9/14
  4918 | D:5      | Reached skill level 5 in Hexes
  5140 | D:5      | Reached skill level 5 in Spellcasting
  5242 | D:5      | Reached skill level 6 in Hexes
  5259 | D:5      | Reached skill level 6 in Spellcasting
  5421 | D:5      | Found an opulent altar of Gozag.
  5610 | D:5      | Reached * piety under Wu Jian
  5693 | D:5      | Reached skill level 7 in Hexes
  5693 | D:5      | Reached XP level 8. HP: 36/36 MP: 13/18
  5771 | D:6      | Noticed Blork the orc
  5776 | D:6      | Killed Blork the orc
  5787 | D:6      | Reached skill level 8 in Hexes
  6197 | D:6      | Noticed Grinder
  6214 | D:6      | Killed Grinder
  6214 | D:6      | Reached skill level 1 in Fighting
  6214 | D:6      | Reached skill level 4 in Dodging
  6216 | D:6      | Identified cursed +0 acid dragon scales
  6216 | D:6      | Noticed Maggie
  6752 | D:6      | Reached ** piety under Wu Jian
  6756 | D:6      | Reached skill level 2 in Fighting
  6847 | D:6      | Reached skill level 5 in Dodging
  6847 | D:6      | Reached skill level 7 in Spellcasting
  6968 | D:6      | Killed Maggie
  6968 | D:6      | Reached skill level 9 in Hexes
  6968 | D:6      | Reached XP level 9. HP: 32/43 MP: 13/20
  7032 | D:6      | Reached skill level 6 in Dodging
  7088 | D:6      | Reached skill level 3 in Fighting
  7414 | D:6      | Identified the ring of Aronuomy {rF+ rN+ MP-9 Str+4 Int-2}
  7439 | D:6      | HP: 2/44 [wight/cursed +3 halberd (14)]
  7439 | D:6      | Slain by a wight

Vanquished Creatures
  Maggie (D:6)
  Grinder (D:6)
  Sigmund (D:2)
  3 orc warriors (D:6)
  A sky beast (D:5)
  A necrophage (D:5)
  An ogre (D:5)
  2 centaurs
  Blork the orc (D:6)
  A scorpion (D:5)
  A water moccasin skeleton (D:6)
  2 howler monkeys (D:6)
  4 crimson imps
  A centaur zombie (D:6)
  A bullfrog zombie (D:6)
  A jelly (D:6)
  2 orc priests (D:6)
  A centaur skeleton (D:6)
  4 orc wizards
  An iguana (D:4)
  3 worker ants
  A hound skeleton (D:6)
  4 gnolls (D:4)
  5 adders
  2 adder skeletons
  2 worms (D:3)
  3 dart slugs
  8 leopard geckos
  19 orcs
  A ball python (Sewer)
  15 giant cockroaches
  4 goblins
  3 hobgoblins
  12 jackals
  11 kobolds
  2 quokkas
  5 bats
  12 frilled lizards
  A leopard gecko zombie (D:5)
  10 rats
154 creatures vanquished.
